 Dungeon Crawl Stone Soup version 0.23.0 (webtiles) character file.

Game seed: 17362538282476551007

633 Pharty the Stinger (level 7, -8/57 HPs)
             Began as a Purple Draconian Venom Mage on Feb 10, 2019.
             Was an Initiate of Fedhas.
             Mangled by an orc warrior
             ... wielding a +0 trident
              (14 damage)
             ... on level 6 of the Dungeon.
             The game lasted 00:11:18 (8468 turns).

Pharty the Stinger (Purple Draconian Venom Mage)    Turns: 8468, Time: 00:11:20

Health: -8/57      AC:  6    Str: 11    XL:     7   Next: 24%
Magic:  12/12      EV: 12    Int: 16    God:    Fedhas [......]
Gold:   325        SH:  0    Dex: 12    Spells: 3/13 levels left

rFire    . . .     SeeInvis .   g - +1 hand axe (chop)
rCold    . . .     Gourm    .   (no shield)
rNeg     . . .     Faith    .   (armour unavailable)
rPois    .         Spirit   .   (helmet restricted)
rElec    .         Reflect  .   (no cloak)
rCorr    .         Harm     .   (no gloves)
MR       +....                  (no boots)
Stlth    ++........             (no amulet)
HPRegen  0.19/turn              (no ring)
MPRegen  0.13/turn              (no ring)

@: short of breath
A: breathe power, unfitting armour, cold-blooded, AC +6
a: Breathe Dispelling Energy, Fungal Bloom, Renounce Religion


You were on level 6 of the Dungeon.
You worshipped Fedhas.
Fedhas was noncommittal.
You were hungry.

You visited 2 branches of the dungeon, and saw 7 of its levels.

You collected 325 gold pieces.

Inventory:

Hand Weapons
 a - a +0 club
 g - a +1 hand axe of chopping (weapon)
Missiles
 e - 137 stones (quivered)
 h - 7 javelins
Wands
 m - a wand of random effects (21)
 v - a wand of paralysis (10)
Scrolls
 c - a scroll of fear {unknown}
 d - 6 scrolls of remove curse {unknown}
 f - 2 scrolls of immolation {unknown}
 j - 2 scrolls of enchant weapon {unknown}
 k - a scroll of fog {unknown}
 p - 3 scrolls of identify {unknown}
 q - 2 scrolls of teleportation {unknown}
 u - 2 scrolls of amnesia {unknown}
 x - a scroll of blinking {unknown}
 y - a scroll of enchant armour {unknown}
Potions
 i - a potion of magic
 l - 3 potions of heal wounds
 n - a potion of curing {unknown}
 o - 2 potions of haste {unknown}
 r - a potion of agility {unknown}
 s - 2 potions of flight {unknown}
 t - a potion of mutation {unknown}
 w - a potion of brilliance
 A - a potion of invisibility {unknown}
 B - a potion of lignification {unknown}
 C - a potion of ambrosia {unknown}
Comestibles
 b - 8 rations


   Skills:
 + Level 3.3 Fighting
 + Level 3.9(4.0) Axes
 + Level 0.5(2.5) Maces & Flails
 - Level 1.7 Dodging
 - Level 1.7 Stealth
 + Level 3.9 Spellcasting
 + Level 1.0 Conjurations
 * Level 3.4 Air Magic
 + Level 4.3 Poison Magic


You had 3 spell levels left.
You knew the following spells:

 Your Spells              Type           Power        Failure   Level  Hunger
a - Sting                 Conj/Pois      ##..         6%          1    None
b - Poisonous Vapours     Pois/Air       ###...       5%          2    ##.....
c - Mephitic Cloud        Conj/Pois/Air  ##......     16%         3    ###....
d - Olgreb's Toxic Radia  Pois           ###.....     28%         4    ####...

Your spell library contained the following spells:

 Spells                   Type           Power        Failure   Level  Hunger
 Beastly Appendage        Tmut           #.....       17%         1    None
 Spider Form              Tmut/Pois      ##........   22%         3    ###....
 Sticks to Snakes         Tmut           #.......     26%         2    ##.....
 Venom Bolt               Conj/Pois      ##........   85%         5    ######.
 Ice Form                 Ice/Tmut       #.......     86%         4    ####...
 Blade Hands              Tmut           #.........   99%         5    ######.
 Malign Gateway           Summ/Tloc      #.........   100%        7    #######
 Monstrous Menagerie      Summ           #.........   100%        7    #######
 Summon Greater Demon     Summ           #.........   100%        7    #######
 Summon Horrible Things   Summ           #.........   100%        8    #######


Dungeon Overview and Level Annotations

Branches:
Dungeon (6/15)             Temple (1/1) D:5

Altars:
Cheibriados
Dithmenos
Fedhas
Gozag
Hepliaklqana
Kikubaaqudgha
Makhleb
Nemelex Xobeh
Qazlal
Ru
Sif Muna
Uskayaw
Vehumet
Wu Jian
Xom
Yredelemnul
Zin

Shops:
D:6 %

Annotations:
D:4 exclusion: downstairs
D:6 3 runed translucent doors


Innate Abilities, Weirdness & Mutations

You can breathe bolts of dispelling energy.
Your rich purple scales are hard. (AC +6)
You cannot fit into any form of body armour.
You are cold-blooded and may be slowed by cold attacks.


Message History

The orc wizard is heavily wounded.
The orc wizard's magical effects unravel!
You feel somewhat more hungry.
The centaur hits you but does no damage.
The orc warrior closely misses you.
You hit the centaur.
The centaur is heavily wounded.
The centaur hits you but does no damage.
The centaur barely misses you.
The orc wizard gestures wildly while chanting.
The orc wizard seems to speed up.
The orc warrior hits you from afar with a +0 trident!
* * * LOW HITPOINT WARNING * * *
You hit the centaur.
You tail-slap the centaur, but do no damage.
The centaur is severely wounded.
The centaur barely misses you.
The orc warrior hits you from afar with a +0 trident!
You die...
Fedhas appreciates your contribution to the ecosystem.

.. ... #...+..# .# #. #.##
#...+..# .# #. #.#.. ##...#รท.#
#.# #.# #.#..# #....#..# ..#
######.###.#...###..(.##..###...
#.......##.##.......###.........
#...........###...###...#####...
#.......#.....#####...#.# ###
#.......#####(.@coo..##.#
#.......# #####o......# ####
######.## ###.#########...
#######.# #....o....'...
........# ###########...
######### #... ## #... .# ####
.#


You could see an orc warrior, a centaur, an orc wizard and an orc.

Vanquished Creatures
  A centaur (D:5)
  An ogre (D:5)
  A bullfrog (D:6)
  A water moccasin skeleton (D:4)
  3 crimson imps
  A hound (D:5)
  An orc wizard (D:4)
  Robin (D:2)
  7 adders
  2 oozes
  An adder skeleton (D:4)
  2 worms
  2 dart slugs
  4 leopard geckos
  7 orcs
  5 giant cockroaches
  7 goblins
  14 hobgoblins
  3 jackals (D:1)
  2 quokkas
  3 ball pythons
  7 bats
  3 frilled lizards
  6 kobolds
  11 rats
96 creatures vanquished.

Notes
Turn   | Place    | Note
-------+----------+-------------------------------------------
     0 | D:1      | Pharty the Draconian Venom Mage began the quest for the
                  | Orb.
     0 | D:1      | Reached XP level 1. HP: 14/14 MP: 3/3
   394 | D:1      | Reached XP level 2. HP: 19/20 MP: 5/5
   398 | D:1      | Learned a level 2 spell: Poisonous Vapours
  1349 | D:1      | Reached XP level 3. HP: 25/26 MP: 6/6
  1675 | D:2      | Noticed Robin
  2013 | D:2      | Killed Robin
  2013 | D:2      | Reached skill level 1 in Axes
  2013 | D:2      | Reached skill level 1 in Air Magic
  2409 | D:2      | Found an ancient bone altar of Kikubaaqudgha.
  2418 | D:2      | Found a stormy altar of Qazlal.
  2442 | D:2      | Reached skill level 1 in Fighting
  2644 | D:2      | Reached XP level 4. HP: 35/35 MP: 7/7
  2766 | D:2      | Learned a level 3 spell: Mephitic Cloud
  3521 | D:3      | Found a faded altar of an unknown god.
  4019 | D:4      | Reached XP level 5. HP: 25/40 MP: 8/8
  4488 | D:4      | Found a radiant altar of Vehumet.
  4551 | D:4      | Noticed a phantom
  5854 | D:5      | Entered Level 5 of the Dungeon
  5879 | D:5      | Found a snail-covered altar of Cheibriados.
  6209 | D:5      | Noticed an ogre
  6507 | D:5      | Reached XP level 6. HP: 47/49 MP: 9/9
  6556 | D:5      | Reached skill level 4 in Poison Magic
  6870 | D:5      | Found a staircase to the Ecumenical Temple.
  6884 | Temple   | Entered the Ecumenical Temple
  7242 | Temple   | Became a worshipper of Fedhas Madash
  7537 | D:5      | Found an ornate altar of the Wu Jian Council.
  8154 | D:6      | Your scales start taking on a rich purple colour.
  8154 | D:6      | Reached XP level 7. HP: 57/57 MP: 4/12
  8220 | D:6      | Learned a level 4 spell: Olgreb's Toxic Radiance
  8231 | D:6      | Found a runed translucent gate.
  8231 | D:6      | Found a runed translucent gate.
  8231 | D:6      | Found a runed translucent gate.
  8341 | D:6      | Found Usatante's Food Emporium.
  8468 | D:6      | Mangled by an orc warrior

Skill      XL: |  1  2  3  4  5  6 |
---------------+-------------------+-----
Axes           | 1 3 |  3.9
Air Magic      | 1 2 3 |  3.4
Fighting       | 1 2 3 |  3.3
Poison Magic   | 4 |  4.3
Spellcasting   | 3 |  3.9
Maces & Flails | |  0.5
Dodging        | |  1.7
Stealth        | |  1.7
Conjurations   | |  1.0

Action                   |  1- 3 |  4- 6 |  7- 9 || total
-------------------------+-------+-------+-------++-------
Melee: Club              |    65 |       |       ||    65
       Tailslap          |    11 |    10 |     3 ||    24
       Hand axe          |    95 |   166 |    44 ||   305
 Cast: Sting             |     4 |     5 |       ||     9
       Poisonous Vapours |     6 |    18 |     3 ||    27
 Abil: Breathe Dispellin |       |       |     2 ||     2
  Use: Potion            |     4 |       |       ||     4
 Stab: Sleeping          |     2 |     1 |       ||     3
  Eat: Chunk             |     6 |     8 |     1 ||    15
       Ration            |       |     3 |       ||     3
Armor: Skin              |    45 |    36 |    21 ||   102
Dodge: Dodged            |   129 |   105 |    39 ||   273
